 Dungeon Crawl Stone Soup version 0.32-a0-119-g2e8054a333 (webtiles) character file.

Game seed: 10064171028940579185

55 seren the Insei (level 3, -1/27 HPs)
             Began as a Demonspawn Shapeshifter on Feb 6, 2024.
             Slain by a gnoll
             ... wielding a +0 flail
              (12 damage)
             ... on level 1 of the Dungeon.
             The game lasted 00:02:07 (1114 turns).

seren the Insei (Demonspawn Shapeshifter)           Turns: 1114, Time: 00:02:07

Health: -1/27      AC:  2    Str: 20    XL:     3   Next: 67%
Magic:  3/3        EV: 17    Int: 10    God:
Gold:   85         SH:  0    Dex: 14    Spells: 2/2 levels left

rFire   . .          .
                       - Unarmed
rCold   . . .        (no shield)
rNeg    . . .        a - +0 animal skin
rPois   .            (helmet currently unavailable)
rElec   .            (cloak currently unavailable)
rCorr   .            (gloves currently unavailable)
SInv    .            (boots currently unavailable)
Will    .....        (no amulet)
Stlth   +            n - +5 ring of evasion
HPRegen 0.24/turn    k - +6 ring of strength
MPRegen 0.08/turn

%: no passive effects
@: beast-form
A: beast (slay +1), foul stench 1
a: Begin Untransformation


You were on level 1 of the Dungeon.
You were a hulking beast.
You visited 1 branch of the dungeon, and saw 2 of its levels.

You collected 85 gold pieces.

Inventory:

Armour
 a - a +0 animal skin (worn)
Jewellery
 k - a +6 ring of strength (right hand)
 n - a +5 ring of evasion (left hand)
Talismans
 c - a beast talisman
 d - a flux talisman
Scrolls
 e - 3 scrolls of enchant armour {unknown}
 f - a scroll of identify {unknown}
 h - 2 scrolls of fog {unknown}
 i - a scroll of teleportation {unknown}
 j - 3 scrolls of amnesia {unknown}
 m - a scroll of brand weapon {unknown}
 o - a scroll of fear {unknown}
 p - a scroll of blinking {unknown}
 q - a scroll of revelation {unknown}
Potions
 b - a potion of lignification
 g - 2 potions of brilliance {unknown}
 l - a potion of curing {unknown}
 r - a potion of degeneration {unknown}


   Skills:
 + Level 1.8 Fighting
 + Level 2.3 Dodging
 * Level 3.2 Unarmed Combat
 + Level 3.0 Shapeshifting


You had 2 spell levels left.
You didn't know any spells.
Your spell library was empty.

Dungeon Overview and Level Annotations

Branches:
Dungeon (2/15)

Altars:

Shops:
D:1 (


Innate Abilities, Weirdness & Mutations

You are a hulking beast.
Your limbs bulge with bestial killing power. (Slay +1)
You may rarely emit foul miasma when damaged in melee.


Message History

You feel sick.
You are no longer poisoned.
r - a cyan potion
Found a stone staircase leading up.
A gnoll comes into view.
It is wielding a +0 flail. 2 gnolls and an adder come into view.
Found an escape hatch in the floor.
The gnoll shouts! x3; The adder hisses angrily.
You hear a shout!
The gnoll moves out of view.
A hobgoblin comes into view.
The hobgoblin shouts!
The gnoll misses you. The gnoll closely misses you.
There is a stone staircase leading up here.
The gnoll hits you with a +0 flail.
You climb upwards.
There is a stone staircase leading down here.
You completely miss the gnoll. The gnoll hits you with a +0 flail!
* * * LOW HITPOINT WARNING * * *
You hit the gnoll. You punch the gnoll.
The gnoll is heavily wounded.
The gnoll misses you.
You closely miss the gnoll.
The gnoll is heavily wounded.
The gnoll misses you.
You barely miss the gnoll.
The gnoll is heavily wounded.
The gnoll hits you with a +0 flail.
* * * LOW HITPOINT WARNING * * *
You barely miss the gnoll.
The gnoll is heavily wounded.
The gnoll closely misses you.
You barely miss the gnoll.
The gnoll is heavily wounded.
The gnoll hits you with a +0 flail.
* * * LOW HITPOINT WARNING * * *
You hit the gnoll but do no damage.
The gnoll is heavily wounded.
The gnoll hits you with a +0 flail!
You die...

##.####.#.# #.# ##............
...# #.#.# #.# #.......[.... ####
#...# ####.# ##........÷.. #
##..###....#####......#.... ####
##..##....#........#.#..##
...######..##....#........#.#.###
##.....##..............####.#.# #
######..÷..........#######....# #
###.........#...hg......####.## #
##..#####..##............##...# #
...##.............##########.## #
..###.#............###.# ##...###
#.##..#.###.#..#......## #.....#
.....#..#...##.#..##.## ##...##
...#...##.####......######.....##
##..........##.....####.#.......#
##..#.......##.....#.#...........


You could see a gnoll.

Vanquished Creatures
  An adder (D:2)
  3 dart slugs
  2 ball pythons (D:1)
  3 bats (D:1)
  An endoplasm (D:2)
  A giant cockroach (D:2)
  4 goblins
  6 hobgoblins
  2 jackals (D:2)
  2 kobolds
  4 quokkas (D:1)
  A frilled lizard (D:2)
  5 rats
35 creatures vanquished.

Notes
Turn   | Place    | Note
-------+----------+-------------------------------------------
     0 | D:1      | seren the Demonspawn Shapeshifter began the quest for the
                  | Orb.
     0 | D:1      | Reached XP level 1. HP: 15/15 MP: 1/1
   303 | D:1      | Gained mutation: You may rarely emit foul miasma when
                  | damaged in melee. [demonic ancestry]
   303 | D:1      | Reached XP level 2. HP: 18/21 MP: 2/2
   525 | D:1      | Found Kewivess's Antique Weapon Shoppe.
   861 | D:2      | Reached XP level 3. HP: 20/26 MP: 3/3
  1114 | D:1      | Slain by a gnoll

Illustrated notes

Levels and vault maps discovered:
D:1:      kilobyte_arrival_exit_the_forest, layout_rooms, serial_shops,
          nicolae_shop_statue_plus, nicolae_figureground_sparkle
D:2:      layout_basic

Skill      XL: |  1  2  3 |
---------------+----------+-----
Dodging        | 2 |  2.3
Unarmed Combat | 3 |  3.2
Shapeshifting  | 3 |  3.0
Fighting       | |  1.8

Action                     || total
---------------------------++-------
  Melee: Unarmed           ||   116
         Punch             ||     3
 Armour: Animal skin       ||    47
  Dodge: Dodged            ||    77

Table legend: (Time is in decaauts)
 A = Elapsed time spent in this place.
 B = Non-inter-level travel time spent in this place.
 C = Inter-level travel time spent in this place.
 D = Time resting spent in this place.
 E = Time spent auto-exploring this place.
 F = Levels seen in this place.
 G = Mean time per level.
                   A        B        C        D        E       F      G
               +--------+--------+--------+--------+--------+-----+--------+
         Total |   1112 |   1083 |     29 |     58 |    762 |   2 |  556.0 |
       Dungeon |   1112 |   1083 |     29 |     58 |    762 |   2 |  556.0 |
               +--------+--------+--------+--------+--------+-----+--------+

Top non-repeatable levels by time:
     D:1: 825 daAuts
     D:2: 287 daAuts
